 Dungeon Sprint DCSS version 0.26.1 (webtiles) character file.

Game seed: 6035223587506193276

19200000 Groucho the Intangible (level 27, -3/273 HPs)
             Began as a Ghoul Monk on Feb 8, 2021.
             Was the Champion of Makhleb.
             Slain by a destroyer
             ... wielding a +9 vorpal great sword
              (207 damage)
             ... in the Dungeon (Sprint VIII: "Arena of Blood").
             The game lasted 00:09:00 (192 turns).

Groucho the Intangible (Ghoul Monk)                  Turns: 192, Time: 00:09:01

Health: -3/273     AC:  4    Str: 19    XL:     27
Magic:  53/53      EV: 35    Int:  5    God:    Makhleb [******]
Gold:   0          SH:  0    Dex: 20    Spells: 80/80 levels left

rFire    . . .     SeeInvis .   h - +∞ Axe of Woe
rCold    + . .     Faith    .   (shield currently unavailable)
rNeg     + + +     Spirit   .   b - +0 robe
rPois    ∞         Reflect  .   (no helmet)
rElec    .         Harm     .   (no cloak)
rCorr    .         Rampage  .   (no gloves)
Will     ++...     NoTele   +   (no boots)
Stlth    ++++......             (no amulet)
HPRegen  0.00/turn              (no ring)
MPRegen  0.33/turn              (no ring)

@: slowed, very slow
A: claws 1, cold resistance 1, negative energy resistance 3, inhibited
regeneration, torment resistance, unbreathing
0: Orb of Zot
a: Renounce Religion, Minor Destruction, Lesser Servant of Makhleb, Major
Destruction, Greater Servant of Makhleb


You were in the Dungeon.
You worshipped Makhleb.
Makhleb was exalted by your worship.
You visited 1 branch

Inventory:

Hand Weapons
 a - a +0 hand axe
 h - the +∞ Axe of Woe (weapon)
   (You found it in the Dungeon)
Armour
 b - a +0 robe (worn)
Jewellery
 e - a +250 ring of slaying
Scrolls
 g - a scroll of blinking
Potions
 c - a potion of curing
 d - a potion of heal wounds
 f - 2 potions of magic


   Skills:
 O Level 27 Fighting
 O Level 27 Short Blades
 O Level 27 Long Blades
 O Level 27 Axes
 O Level 27 Maces & Flails
 O Level 27 Polearms
 O Level 27 Staves
 O Level 27 Slings
 O Level 27 Bows
 O Level 27 Crossbows
 O Level 27 Throwing
 O Level 27 Armour
 O Level 27 Dodging
 O Level 27 Stealth
 O Level 27 Shields
 O Level 27 Unarmed Combat
 O Level 27 Spellcasting
 O Level 27 Conjurations
 O Level 27 Hexes
 O Level 27 Summonings
 O Level 27 Necromancy
 O Level 27 Translocations
 O Level 27 Transmutations
 O Level 27 Fire Magic
 O Level 27 Ice Magic
 O Level 27 Air Magic
 O Level 27 Earth Magic
 O Level 27 Poison Magic
 O Level 27 Invocations
 O Level 27 Evocations


You had 80 spell levels left.
You didn't know any spells.
Your spell library was empty.

Dungeon Overview and Level Annotations

Branches:
Dungeon (1/1)

Altars:
Makhleb


Innate Abilities, Weirdness & Mutations

You thrive by killing the living.
You are immune to poison.
You have sharp fingernails.
Your flesh is cold resistant. (rC+)
You are immune to negative energy. (rN+++)
You do not regenerate when monsters are visible.
You are immune to unholy pain and torment.
You can survive without breathing.


Message History

You hear a shout!
The fleshlord gestures wildly while chanting.
The fleshlord seems to speed up.
The accursed casts a spell at you. Something smites you!
The meat berserker is engulfed in blazing flames.
The dread is engulfed in blazing flames.
An orc and an ogre come into view.
Unknown command.
Unknown command.
You are engulfed in blazing flames.
The tyrant is engulfed in blazing flames.
The tyrant touches you.
You hear a shout!
You feel something staring at you. Something smites you!
You hear a shout! x3
The destroyer is engulfed in blazing flames.
The destroyer hits you with a +9 vorpal great sword!!!!!
Ouch! That really hurt!
You die...

.M.. ..o. M..
..... #.S ...# ..
. #{V ...# ...
.V###.. ...##..pS
....X.O###.......X
...O.Opo_XS.......
#)XOMoMo.....
#§L@x☼#§p....
§.#.VOW)#..SX..
....Dp§§§§§......
.....o###).......
.###z. ...###...
#.z ....# ..
#.......#


oz....... L.o.{...... You could see 3 accurseds, a tentacled monstrosity
(summoned), a tyrant (fast), an eight-headed meat hydra, 3 destroyers, a
scourge, 2 fleshlords, 3 sculptors of flesh, 2 large bags of meat, 2 large
abominations, a dread, 3 meat berserkers, 5 bags of meat and a crawling corpse.

Vanquished Creatures
  Dispater (D)
  19 hell knights (D)
  19 hell beasts (D)
  Edmund (D)
  6 royal mummies (D)
  13 great orbs of eyes (D)
  7 wraiths (D)
  19 vampire knights (D)
  49 ogres (D)
  8 two-headed ogres (D)
  17 liches (D)
  6 hydras (D)
  90 orcs (D)
  8 phantoms (D)
  10 skeletal warriors (D)
  7 sea snakes (D)
  12 large abominations (D)
  11 small abominations (D)
  10 crawling corpses (D)
313 creatures vanquished.

Vanquished Creatures (others)
  14 ball lightnings (D)
  A crawling corpse (D)
15 creatures vanquished.

Grand Total: 328 creatures vanquished

Notes
Turn   | Place    | Note
-------+----------+-------------------------------------------
     0 | D        | Found the +∞ Axe of Woe
     0 | D        | Groucho the Ghoul Monk began the quest for the Orb.
     0 | D        | Reached XP level 1. HP: 19/19 MP: 0/0
     3 | D        | Noticed a bag of meat
     4 | D        | Became a worshipper of Makhleb the Destroyer
     4 | D        | Reached * piety under Makhleb
     4 | D        | Reached ** piety under Makhleb
     6 | D        | Noticed a bag of meat
     7 | D        | Noticed a bag of meat
     8 | D        | Noticed a bag of meat
    10 | D        | Killed a bag of meat
    10 | D        | Noticed a meat berserker
    11 | D        | Reached skill level 15 in Fighting
    11 | D        | Reached XP level 2. HP: 49/49 MP: 1/1
    11 | D        | Reached XP level 3. HP: 56/56 MP: 2/2
    11 | D        | Reached XP level 4. HP: 63/63 MP: 3/3
    11 | D        | Reached XP level 5. HP: 70/70 MP: 4/4
    11 | D        | Reached XP level 6. HP: 78/78 MP: 5/5
    11 | D        | Reached XP level 7. HP: 84/84 MP: 6/6
    11 | D        | Reached XP level 8. HP: 93/93 MP: 7/7
    11 | D        | Reached XP level 9. HP: 100/100 MP: 8/8
    11 | D        | Reached XP level 10. HP: 107/107 MP: 9/9
    11 | D        | Reached XP level 11. HP: 114/114 MP: 10/10
    11 | D        | Reached XP level 12. HP: 122/122 MP: 11/11
    11 | D        | Noticed a bag of meat
    11 | D        | Killed a bag of meat
    11 | D        | Killed a bag of meat
    11 | D        | Noticed a meat berserker
    12 | D        | Reached XP level 13. HP: 138/138 MP: 12/12
    12 | D        | Reached XP level 14. HP: 146/146 MP: 13/13
    12 | D        | Noticed a bag of meat
    12 | D        | Noticed a bag of meat
    12 | D        | Noticed a bag of meat
    14 | D        | Killed a meat berserker
    14 | D        | Reached *** piety under Makhleb
    15 | D        | Reached XP level 15. HP: 160/160 MP: 14/14
    16 | D        | Reached skill level 27 in Dodging
    16 | D        | Reached XP level 16. HP: 173/173 MP: 15/15
    16 | D        | Killed a meat berserker
    16 | D        | Reached **** piety under Makhleb
    17 | D        | Reached skill level 27 in Fighting
    17 | D        | Reached XP level 17. HP: 191/191 MP: 16/16
    18 | D        | Noticed a meat berserker
    20 | D        | Reached skill level 27 in Axes
    20 | D        | Reached skill level 10 in Unarmed Combat
    20 | D        | Reached skill level 10 in Invocations
    22 | D        | Reached ***** piety under Makhleb
    22 | D        | Noticed a meat berserker
    23 | D        | Reached XP level 18. HP: 200/200 MP: 16/28
    23 | D        | Killed a meat berserker
    24 | D        | Noticed a meat berserker
    24 | D        | Noticed a meat berserker
    25 | D        | Noticed a large bag of meat
    25 | D        | Noticed a meat berserker
    27 | D        | Noticed a meat berserker
    28 | D        | Reached skill level 15 in Armour
    28 | D        | Killed a meat berserker
    28 | D        | Noticed a large bag of meat
    29 | D        | Reached skill level 27 in Invocations
    29 | D        | Reached XP level 19. HP: 207/207 MP: 17/35
    29 | D        | Killed a meat berserker
    30 | D        | Reached XP level 20. HP: 216/216 MP: 17/36
    31 | D        | Killed a meat berserker
    31 | D        | Killed a meat berserker
    31 | D        | Noticed a meat berserker
    32 | D        | Reached skill level 27 in Armour
    32 | D        | Reached skill level 27 in Unarmed Combat
    32 | D        | Reached skill level 5 in Long Blades
    32 | D        | Reached skill level 5 in Stealth
    32 | D        | Reached XP level 21. HP: 224/224 MP: 18/37
    32 | D        | Noticed a destroyer
    33 | D        | Reached skill level 5 in Necromancy
    33 | D        | Reached skill level 5 in Ice Magic
    33 | D        | Reached skill level 5 in Earth Magic
    33 | D        | Reached skill level 5 in Poison Magic
    34 | D        | Killed a large bag of meat
    34 | D        | Killed a destroyer
    34 | D        | Reached ****** piety under Makhleb
    34 | D        | Killed a meat berserker
    34 | D        | Noticed a meat berserker
    34 | D        | Noticed a large bag of meat
    35 | D        | Reached skill level 10 in Ice Magic
    35 | D        | Reached skill level 10 in Earth Magic
    35 | D        | Reached XP level 22. HP: 175/233 MP: 18/38
    36 | D        | Killed a large bag of meat
    37 | D        | Reached skill level 10 in Short Blades
    37 | D        | Reached skill level 10 in Maces & Flails
    37 | D        | Reached skill level 10 in Polearms
    37 | D        | Reached skill level 10 in Staves
    37 | D        | Reached skill level 10 in Slings
    37 | D        | Reached skill level 10 in Bows
    37 | D        | Reached skill level 10 in Crossbows
    37 | D        | Reached skill level 10 in Throwing
    37 | D        | Reached skill level 10 in Shields
    37 | D        | Reached skill level 10 in Summonings
    37 | D        | Reached skill level 10 in Translocations
    37 | D        | Reached skill level 10 in Transmutations
    37 | D        | Reached skill level 10 in Evocations
    37 | D        | Reached XP level 23. HP: 124/240 MP: 19/39
    38 | D        | Reached skill level 15 in Long Blades
    38 | D        | Reached skill level 10 in Spellcasting
    38 | D        | Reached skill level 10 in Conjurations
    38 | D        | Reached skill level 10 in Hexes
    38 | D        | Reached skill level 10 in Fire Magic
    38 | D        | Reached skill level 10 in Air Magic
    40 | D        | Reached skill level 15 in Stealth
    42 | D        | Reached XP level 24. HP: 235/249 MP: 20/39
    42 | D        | Noticed a destroyer
    42 | D        | Killed a large bag of meat
    42 | D        | Noticed a destroyer
    43 | D        | Reached skill level 15 in Ice Magic
    43 | D        | Reached skill level 15 in Earth Magic
    45 | D        | Noticed a destroyer
    47 | D        | Reached skill level 15 in Necromancy
    47 | D        | Reached skill level 15 in Poison Magic
    47 | D        | Reached XP level 25. HP: 245/257 MP: 21/39
    48 | D        | Noticed a tyrant
    50 | D        | Reached skill level 15 in Short Blades
    50 | D        | Reached skill level 15 in Maces & Flails
    50 | D        | Reached skill level 15 in Polearms
    50 | D        | Reached skill level 15 in Staves
    50 | D        | Reached skill level 15 in Slings
    50 | D        | Reached skill level 15 in Bows
    50 | D        | Reached skill level 15 in Crossbows
    50 | D        | Reached skill level 15 in Throwing
    50 | D        | Reached skill level 15 in Shields
    50 | D        | Reached skill level 15 in Summonings
    50 | D        | Reached skill level 15 in Translocations
    50 | D        | Reached skill level 15 in Transmutations
    50 | D        | Reached skill level 15 in Evocations
    50 | D        | Reached XP level 26. HP: 255/266 MP: 21/40
    51 | D        | Killed a destroyer
    52 | D        | Reached skill level 15 in Spellcasting
    52 | D        | Reached skill level 15 in Conjurations
    52 | D        | Reached skill level 15 in Hexes
    52 | D        | Reached skill level 15 in Fire Magic
    52 | D        | Reached skill level 15 in Air Magic
    53 | D        | Noticed a tyrant
    54 | D        | Killed a destroyer
    55 | D        | Reached XP level 27. HP: 273/273 MP: 22/41
    55 | D        | Killed a destroyer
    56 | D        | Killed a tyrant
    56 | D        | Noticed a tyrant
    60 | D        | Killed a tyrant
    60 | D        | Noticed a meat beast
    64 | D        | Noticed a meat beast
    64 | D        | Killed a meat beast
    65 | D        | Reached skill level 27 in Long Blades
    65 | D        | Noticed a dread
    65 | D        | Noticed a destroyer
    65 | D        | Noticed a tyrant
    67 | D        | Noticed a destroyer
    68 | D        | Noticed a dread
    68 | D        | Killed a meat beast
    68 | D        | Killed a tyrant
    68 | D        | Killed a tyrant
    68 | D        | Noticed a destroyer
    69 | D        | Reached skill level 27 in Stealth
    69 | D        | Noticed a destroyer
    70 | D        | Noticed a large bag of meat
    71 | D        | Killed a destroyer
    72 | D        | Reached skill level 27 in Ice Magic
    72 | D        | Reached skill level 27 in Earth Magic
    72 | D        | Killed a destroyer
    75 | D        | Killed a dread
    76 | D        | Killed a large bag of meat
    76 | D        | Noticed a dread
    77 | D        | Reached skill level 27 in Necromancy
    77 | D        | Reached skill level 27 in Poison Magic
    77 | D        | Killed a destroyer
    78 | D        | Noticed an accursed
    80 | D        | Killed a destroyer
    81 | D        | Reached skill level 27 in Short Blades
    81 | D        | Reached skill level 27 in Maces & Flails
    81 | D        | Reached skill level 27 in Polearms
    81 | D        | Reached skill level 27 in Staves
    81 | D        | Reached skill level 27 in Slings
    81 | D        | Reached skill level 27 in Bows
    81 | D        | Reached skill level 27 in Crossbows
    81 | D        | Reached skill level 27 in Throwing
    81 | D        | Reached skill level 27 in Shields
    81 | D        | Reached skill level 27 in Summonings
    81 | D        | Reached skill level 27 in Translocations
    81 | D        | Reached skill level 27 in Transmutations
    81 | D        | Reached skill level 27 in Evocations
    85 | D        | Killed a dread
    86 | D        | Reached skill level 27 in Spellcasting
    86 | D        | Reached skill level 27 in Conjurations
    86 | D        | Reached skill level 27 in Hexes
    86 | D        | Reached skill level 27 in Fire Magic
    86 | D        | Reached skill level 27 in Air Magic
    90 | D        | Noticed a meat beast
    90 | D        | Noticed a tyrant
    92 | D        | Noticed a large bag of meat
    92 | D        | Noticed a meat beast
    92 | D        | Noticed a destroyer
    92 | D        | Noticed a tyrant
    93 | D        | Killed an accursed
    94 | D        | Killed a meat beast
    94 | D        | Noticed a tyrant
    95 | D        | Killed a meat beast
    95 | D        | Noticed an accursed
    96 | D        | Noticed a dread
    98 | D        | Killed a large bag of meat
    98 | D        | Noticed a meat beast
    98 | D        | Noticed a tyrant
    99 | D        | Killed a destroyer
   100 | D        | Killed a tyrant
   100 | D        | Killed a tyrant
   100 | D        | Noticed The Defiler
   101 | D        | Noticed a tyrant
   101 | D        | Killed a dread
   103 | D        | Killed an accursed
   104 | D        | Killed The Defiler
   105 | D        | Killed a tyrant
   106 | D        | Noticed a tyrant
   108 | D        | Killed a tyrant
   108 | D        | Killed a tyrant
   112 | D        | Noticed a meat beast
   114 | D        | Noticed a meat beast
   116 | D        | Killed a meat beast
   116 | D        | Killed a meat beast
   117 | D        | Killed a tyrant
   121 | D        | Noticed a fleshlord
   122 | D        | Noticed a dread
   122 | D        | Noticed a tyrant
   122 | D        | Noticed a dread
   124 | D        | Noticed a fleshlord
   124 | D        | Noticed a meat beast
   124 | D        | Noticed a fleshlord
   125 | D        | Noticed a tyrant
   125 | D        | Noticed a meat beast
   126 | D        | Noticed an accursed
   126 | D        | Noticed a fleshlord
   126 | D        | Noticed a meat beast
   126 | D        | Noticed a fleshlord
   127 | D        | Killed a meat beast
   127 | D        | Noticed a tyrant
   127 | D        | Noticed a fleshlord
   128 | D        | Noticed a tyrant
   128 | D        | Noticed a fleshlord
   129 | D        | Killed a dread
   129 | D        | Killed a dread
   130 | D        | Noticed an accursed
   130 | D        | Noticed a tyrant
   130 | D        | Killed a meat beast
   130 | D        | Killed a fleshlord
   131 | D        | Killed a fleshlord
   131 | D        | Killed a fleshlord
   131 | D        | Killed a fleshlord
   132 | D        | Killed a fleshlord
   133 | D        | Killed a fleshlord
   133 | D        | Noticed a dread
   134 | D        | Killed a meat beast
   135 | D        | Killed a fleshlord
   135 | D        | Killed an accursed
   135 | D        | Noticed a fleshlord
   137 | D        | Killed an accursed
   138 | D        | Noticed a fleshlord
   139 | D        | Noticed a destroyer
   139 | D        | Noticed a destroyer
   140 | D        | Killed a tyrant
   140 | D        | Killed a fleshlord
   140 | D        | Killed a tyrant
   140 | D        | Noticed a meat beast
   141 | D        | Killed a tyrant
   141 | D        | Killed a destroyer
   142 | D        | Killed a tyrant
   144 | D        | Noticed a large bag of meat
   144 | D        | Noticed a fleshlord
   145 | D        | Killed a destroyer
   145 | D        | Killed a meat beast
   146 | D        | Noticed an accursed
   146 | D        | Noticed The Meatlord
   146 | D        | Noticed a fleshlord
   147 | D        | Killed a fleshlord
   148 | D        | Noticed a fleshlord
   150 | D        | Killed a dread
   151 | D        | Noticed a fleshlord
   151 | D        | Noticed a fleshlord
   152 | D        | Noticed a meat beast
   152 | D        | Noticed an accursed
   153 | D        | Killed a fleshlord
   153 | D        | Killed a large bag of meat
   154 | D        | Killed a fleshlord
   156 | D        | Noticed a destroyer
   156 | D        | Killed The Meatlord
   156 | D        | Killed a fleshlord
   157 | D        | Noticed a meat beast
   157 | D        | Got the Orb of Zot
   157 | D        | Noticed a meat beast
   158 | D        | Noticed a fleshlord
   158 | D        | Killed a meat beast
   158 | D        | Noticed a tyrant
   159 | D        | Noticed a destroyer
   159 | D        | Noticed a dread
   159 | D        | Noticed a fleshlord
   160 | D        | Noticed a tyrant
   161 | D        | Killed a meat beast
   162 | D        | Noticed an accursed
   163 | D        | Noticed a destroyer
   163 | D        | Killed a meat beast
   163 | D        | Killed a fleshlord
   164 | D        | Killed a destroyer
   164 | D        | Noticed a large bag of meat
   165 | D        | Killed a destroyer
   165 | D        | Noticed a meat beast
   165 | D        | Noticed a destroyer
   166 | D        | Killed a destroyer
   166 | D        | Killed an accursed
   167 | D        | Noticed a destroyer
   167 | D        | Noticed a dread
   168 | D        | Killed a fleshlord
   168 | D        | Noticed an accursed
   170 | D        | Killed a meat beast
   170 | D        | Killed a tyrant
   170 | D        | Noticed a meat beast
   171 | D        | Killed a fleshlord
   172 | D        | Killed a destroyer
   172 | D        | Noticed a destroyer
   173 | D        | Killed a destroyer
   173 | D        | Noticed a fleshlord
   174 | D        | Killed a fleshlord
   174 | D        | Killed a meat beast
   175 | D        | Killed a tyrant
   175 | D        | Noticed a meat beast
   176 | D        | Noticed a tyrant
   177 | D        | Noticed a fleshlord
   178 | D        | Killed a tyrant
   178 | D        | Noticed a meat beast
   178 | D        | Noticed a fleshlord
   179 | D        | Noticed a meat beast
   180 | D        | Killed a meat beast
   180 | D        | Killed an accursed
   181 | D        | Killed a meat beast
   181 | D        | Killed a large bag of meat
   181 | D        | Killed a fleshlord
   182 | D        | Killed a fleshlord
   183 | D        | Killed a meat beast
   183 | D        | Noticed a large bag of meat
   184 | D        | Killed a meat beast
   184 | D        | Killed a destroyer
   184 | D        | Noticed a destroyer
   185 | D        | Noticed a fleshlord
   185 | D        | Noticed a large bag of meat
   185 | D        | Noticed a destroyer
   186 | D        | Noticed an accursed
   187 | D        | Killed a dread
   187 | D        | Noticed a fleshlord
   187 | D        | Noticed a fleshlord
   187 | D        | Noticed a destroyer
   187 | D        | HP: 11/273 [accursed/divine providence (13)]
   187 | D        | Noticed a fleshlord
   188 | D        | Killed a fleshlord
   188 | D        | Killed a destroyer
   188 | D        | Noticed an accursed
   189 | D        | Killed a destroyer
   189 | D        | Noticed a large bag of meat
   190 | D        | Killed a large bag of meat
   190 | D        | Noticed a destroyer
   192 | D        | Noticed a destroyer
   192 | D        | Slain by a destroyer

Illustrated notes

Levels and vault maps discovered:
D:        meatsprint

Skill      XL: |  1  2  3  4  5  6  7  8  9 10 11 12 13 14 15 16 17 18 19 20 21 22 23 24 25 26 27 |
---------------+----------------------------------------------------------------------------------+-----
Fighting       | 15 19 21 23 27 | 27.0
Axes           | 13 17 19 20 25 27 | 27.0
Dodging        | 18 22 25 27 | 27.0
Armour         | 11 18 23 27 | 27.0
Unarmed Combat | 12 21 26 27 | 27.0
Invocations    | 14 27 | 27.0
Short Blades   | 3 9 10 12 14 15 17 27 | 27.0
Long Blades    | 5 12 13 16 19 20 22 27 | 27.0
Maces & Flails | 3 9 10 12 14 15 17 27 | 27.0
Polearms       | 3 9 10 12 14 15 17 27 | 27.0
Staves         | 3 9 10 12 14 15 17 27 | 27.0
Slings         | 3 9 10 12 14 15 17 27 | 27.0
Bows           | 3 9 10 12 14 15 17 27 | 27.0
Crossbows      | 3 9 10 12 14 15 17 27 | 27.0
Throwing       | 3 9 10 12 14 15 17 27 | 27.0
Stealth        | 5 11 13 15 18 19 21 27 | 27.0
Shields        | 3 9 10 12 14 15 17 27 | 27.0
Spellcasting   | 3 8 9 11 13 14 15 27 | 27.0
Conjurations   | 3 8 9 11 13 14 15 27 | 27.0
Hexes          | 3 8 9 11 13 14 15 27 | 27.0
Summonings     | 3 9 10 12 14 15 17 27 | 27.0
Necromancy     | 4 9 11 13 15 16 18 27 | 27.0
Translocations | 3 9 10 12 14 15 17 27 | 27.0
Transmutations | 3 9 10 12 14 15 17 27 | 27.0
Fire Magic     | 3 8 9 11 13 14 15 27 | 27.0
Ice Magic      | 4 10 11 14 16 18 19 27 | 27.0
Air Magic      | 3 8 9 11 13 14 15 27 | 27.0
Earth Magic    | 4 10 11 14 16 18 19 27 | 27.0
Poison Magic   | 4 9 11 13 15 16 18 27 | 27.0
Evocations     | 3 9 10 12 14 15 17 27 | 27.0

Action                   |  1- 3 |  4- 6 |  7- 9 | 10-12 | 13-15 | 16-18 | 19-21 | 22-24 | 25-27 || total
-------------------------+-------+-------+-------+-------+-------+-------+-------+-------+-------++-------
Melee: Executioner's axe |     1 |       |       |     1 |     2 |     6 |     4 |     8 |   114 ||   136
Invok: Greater Servant o |       |       |       |       |       |       |     2 |     4 |    19 ||    25
  Use: Potion            |       |       |       |       |       |       |       |       |     1 ||     1
 Stab: Distracted        |       |       |       |       |       |       |       |     1 |       ||     1
Armor: Robe              |       |       |       |       |       |       |       |       |     1 ||     1
Dodge: Dodged            |       |       |       |       |       |       |       |     1 |    18 ||    19
